 Dungeon Crawl Stone Soup version 0.24.1-14-gf8d2b509d9 (webtiles) character file.

Game seed: 4559871918540485534, levelgen mode: deterministic

25 Mrkan the Poker (level 3, -1/28 HPs)
             Began as a Merfolk Gladiator on May 21, 2020.
             Slain by a goblin
             ... wielding a +0 club
              (4 damage)
             ... on level 2 of the Dungeon.
             The game lasted 00:01:31 (1340 turns).

Mrkan the Poker (Merfolk Gladiator)                 Turns: 1340, Time: 00:01:31

Health: -1/28      AC:  4    Str: 14    XL:     3   Next: 4%
Magic:  3/3        EV: 14    Int:  7    God:
Gold:   42         SH:  0    Dex: 16    Spells: 2/2 levels left

rFire    . . .     SeeInvis .   a - +0 trident
rCold    . . .     Gourm    .   (no shield)
rNeg     . . .     Faith    .   b - +0 leather armour
rPois    .         Spirit   .   c - +0 helmet
rElec    .         Reflect  .   (no cloak)
rCorr    .         Harm     .   (no gloves)
MR       .....                  (no boots)
Stlth    +.........             (no amulet)
HPRegen  0.09/turn              (no ring)
MPRegen  0.08/turn              (no ring)

@: no status effects
A: change form in water, swift swim, stealthy swim
a: no special abilities


You were on level 2 of the Dungeon.
You were not hungry.

You visited 1 branch of the dungeon, and saw 2 of its levels.

You collected 42 gold pieces.

Inventory:

Hand Weapons
 a - a +0 trident (weapon)
Missiles
 d - 3 throwing nets (quivered)
 k - 3 silver javelins
 o - 9 poisoned darts
Armour
 b - a +0 leather armour (worn)
 c - a +0 helmet (worn)
Jewellery
 e - an uncursed ring of flight {unknown}
Scrolls
 g - 4 scrolls of identify {unknown}
 i - a scroll of fear {unknown}
 j - a scroll of enchant armour {unknown}
 l - a scroll of remove curse {unknown}
 m - 4 scrolls of teleportation {unknown}
 n - a scroll of magic mapping {unknown}
 q - a scroll of amnesia {unknown}
Potions
 h - 2 potions of curing {unknown}
 p - a potion of heal wounds {unknown}
 r - a potion of resistance {unknown}
Comestibles
 f - 5 rations


   Skills:
 + Level 2.6 Fighting
 * Level 5.3 Polearms
 - Level 2.0 Throwing
 + Level 4.4 Dodging


You had 2 spell levels left.
You didn't know any spells.
Your spell library was empty.

Dungeon Overview and Level Annotations

Branches:
Dungeon (2/15)

Altars:


Message History

You hit the goblin.
You kill the goblin!
You have reached level 3!
Your experience leads to an increase in your attributes!
Increase (S)trength, (I)ntelligence, or (D)exterity?
You feel agile.
You hit the hobgoblin.
You kill the hobgoblin!
You hit the hobgoblin.
The hobgoblin is heavily wounded.
The hobgoblin hits you but does no damage.
You closely miss the hobgoblin.
The hobgoblin is heavily wounded.
You closely miss the goblin.
The hobgoblin hits you but does no damage.
The goblin hits you but does no damage.
You hit the hobgoblin but do no damage.
The hobgoblin is heavily wounded.
The hobgoblin closely misses you. The goblin hits you with a +0 club.
You die...

###..#########.......#####.####..
..............<......# #.## ###
..##.####............# ##..#####
#.##.###....###......## #.......#
#.##.##....## ##......###........
#....#.....# #.................
###......####+####...###.........
..##....##.#...#.##..####........
...##...#..'...g@.#...###........
........##.#...#g##....##........
....#....####'####...#.##........
....#..#...#.).#...#.#..........#
...##..###.##g##...#...#.####..##
....#...##..#(#..#.##.##... ..##
(...#...........##....##.....##
....##.###.##.#####.#....###..#
(..###.# #....### #.#..### .#


You could see a hobgoblin and a goblin.

Vanquished Creatures
  3 giant cockroaches (D:1)
  6 goblins
  3 hobgoblins
  2 jackals (D:2)
  2 bats (D:1)
  A frilled lizard (D:1)
  3 kobolds
  A rat (D:2)
21 creatures vanquished.

Notes
Turn   | Place    | Note
-------+----------+-------------------------------------------
     0 | D:1      | Mrkan the Merfolk Gladiator began the quest for the Orb.
     0 | D:1      | Reached XP level 1. HP: 16/16 MP: 1/1
   401 | D:1      | Reached XP level 2. HP: 19/23 MP: 2/2
   541 | D:1      | Reached skill level 5 in Polearms
  1335 | D:2      | Reached XP level 3. HP: 3/28 MP: 3/3
  1340 | D:2      | Slain by a goblin

Levels and vault maps discovered:
D:1:      evilmike_arrival_fibonacci_small, layout_loops_ring
D:2:      cheibrodos_greedy_goblins, layout_rooms,
          amethyst_overflow_temple_binary, first_ration

Skill      XL: |  1  2 |
---------------+-------+-----
Polearms       | 5 |  5.3
Fighting       | |  2.6
Throwing       | |  2.0
Dodging        | |  4.4

Action                   || total
-------------------------++-------
Melee: Trident           ||    61
  Eat: Chunk             ||     1
Armor: Leather armour    ||    29
Dodge: Dodged            ||    79
